 Dungeon Crawl Stone Soup version 0.30-a0-168-g0b976cbdc4 (webtiles) character file.

Game seed: 12912258130311819979

2485 qw the Cleaver (level 9, 56/56 HPs)
             Began as a Gargoyle Fighter on Sept 29, 2022.
             Quit the game on level 7 of the Dungeon.
             The game lasted 00:09:40 (8622 turns).

qw the Cleaver (Gargoyle Fighter)                   Turns: 8622, Time: 00:09:40

Health: 56/56      AC: 20    Str: 24    XL:     9   Next: 52%
Magic:  9/9        EV:  7    Int:  9    God:
Gold:   208        SH:  8    Dex:  9    Spells: 8/8 levels left

rFire   + . .      SeeInvis .    Y - +0 war axe
rCold   . . .      Faith    .    p - +0 kite shield
rNeg    + . .      Spirit   +    g - +0 chain mail
rPois   inf        Reflect  .    f - +2 helmet
rElec   +          Harm     .    (no cloak)
rCorr   .          Rampage  .    (no gloves)
Will    .....                    j - +0 pair of boots
Stlth   ..........               k - amulet of guardian spirit
HPRegen 0.18/turn                m - ring of protection from fire
MPRegen 0.11/turn                (no ring)

@: no status effects
A: sickness immunity, AC +6, negative energy resistance 1, electricity
resistance, torment resistance 1, petrification resistance
a: no special abilities


You were on level 7 of the Dungeon.
You visited 2 branches of the dungeon, and saw 8 of its levels.

You collected 266 gold pieces.
You spent 58 gold pieces at shops.


Innate Abilities, Weirdness & Mutations

You are immune to sickness and miasma.
Your stone body is resilient. (AC +6)
You are immune to poison.
You resist negative energy. (rN+)
You are resistant to electric shocks. (rElec)
You are resistant to unholy torment.
You are immune to petrification.


   Skills:
 - Level 6.8 Fighting
 - Level 9.0 Axes
 - Level 2.1 Throwing
 - Level 4.0 Armour
 - Level 1.5 Dodging
 + Level 5.8 Shields


You had 8 spell levels left.
You didn't know any spells.
Your spell library was empty.

Inventory:

Hand Weapons
 a - a +0 morningstar
 Y - a +0 war axe (weapon)
Missiles
 s - 5 javelins (quivered)
Armour
 f - a +2 helmet (worn)
 g - a +0 chain mail (worn)
 j - a +0 pair of boots (worn)
 p - a +0 kite shield (worn)
Jewellery
 k - an amulet of guardian spirit (around neck)
 m - a ring of protection from fire (left hand)
Scrolls
 l - a scroll of identify
Potions
 c - a potion of curing {unknown}
 d - 5 potions of might
 e - a potion of lignification
 h - a potion of resistance
 i - a potion of haste
 n - 2 potions of heal wounds
 o - 4 potions of attraction
 q - a potion of mutation

Dungeon Overview and Level Annotations

Branches:
Dungeon (7/15)             Temple (1/1) D:4

Altars:
Ashenzari
Cheibriados
Dithmenos
Elyvilon
Fedhas
Gozag
Hepliaklqana
Makhleb
Nemelex Xobeh
Okawaru
Qazlal
Ru
Sif Muna
Uskayaw
Wu Jian
Xom
Yredelemnul
Zin
The Shining One

Shops:
D:4 [

Portals:
Abyss: D:5

Annotations:
D:5 2 transporters, qw's ghost, novice GrFi
D:7 1 runed translucent door, Crazy Yiuf


Message History

8609 ||| Stepping randomly (stuck).
Sorry, I don't know how to get there.
Sorry, I don't know how to get there.
8610 ||| Stepping randomly (stuck).
Sorry, I don't know how to get there.
Sorry, I don't know how to get there.
8611 ||| Stepping randomly (stuck).
Sorry, I don't know how to get there.
Sorry, I don't know how to get there.
8612 ||| Stepping randomly (stuck).
Sorry, I don't know how to get there.
Sorry, I don't know how to get there.
8613 ||| Stepping randomly (stuck).
Sorry, I don't know how to get there.
Sorry, I don't know how to get there.
8614 ||| Stepping randomly (stuck).
Sorry, I don't know how to get there.
Sorry, I don't know how to get there.
8615 ||| Stepping randomly (stuck).
You see here a +0 shortbow.
Sorry, I don't know how to get there.
Sorry, I don't know how to get there.
8616 ||| Stepping randomly (stuck).
Sorry, I don't know how to get there.
Sorry, I don't know how to get there.
8617 ||| Stepping randomly (stuck).
You see here a +0 shortbow.
Sorry, I don't know how to get there.
Sorry, I don't know how to get there.
8618 ||| Stepping randomly (stuck).
Sorry, I don't know how to get there.
Sorry, I don't know how to get there.
8619 ||| Stepping randomly (stuck).
Sorry, I don't know how to get there.
Sorry, I don't know how to get there.
8620 ||| Stepping randomly (stuck).
Sorry, I don't know how to get there.
Sorry, I don't know how to get there.
8621 ||| Stepping randomly (stuck).
Are you sure you want to abandon this character and quit the game? (Confirm with "yes".)

# #.# #.####.###
#.# # #.# #.# #.#
#.# # #.# #.# #.#
#######.###. # #.#
#.# #.#
#........... # ###
#.# #.#
#.#####.###. #.#
#.# #.# #.# #####
#.# #.#####.#####.#
#)..# #.#
#........[....#
#...# #.#
#@...##.#########
... #.#
#.##............#
#+# ##.#
#)#####>#######.#
#.## #..# #.# #.#
#.## ##.# #.##
#.#####.# #..# #.##
#.# #.#....[# ##.#
##.# #.#
#....)..### #.#
##.##
###.#####.#.)\)...#
#.# ##...#
#.........#..)....#
#.#


There were no monsters in sight!

Vanquished Creatures
  Pikel (D:6)
  Menkaure (D:4)
  A sky beast (D:6)
  An ice beast (D:4)
  2 black bears
  An ogre (D:5)
  4 centaurs
  3 lemures (D:6)
  A necrophage (D:6)
  4 scorpions
  3 killer bees (D:7)
  A howler monkey (D:5)
  3 hounds
  2 jellies
  An orc priest (D:6)
  A gnoll bouda (D:6)
  An iron imp (D:3)
  3 iguanas
  4 orc wizards
  Robin (D:3)
  5 gnolls
  8 adders
  2 white imps
  2 ufetubi
  3 worms
  16 orcs
  7 endoplasms
  2 giant cockroaches (D:2)
  12 goblins
  8 hobgoblins
  8 jackals
  8 quokkas
  8 ball pythons
  4 bats
  4 frilled lizards
  9 kobolds
  2 rats
147 creatures vanquished.

Vanquished Creatures (others)
  61 plants
61 creatures vanquished.

Grand Total: 208 creatures vanquished

Notes
Turn   | Place    | Note
-------+----------+-------------------------------------------
     0 | D:1      | qw the Gargoyle Fighter began the quest for the Orb.
     0 | D:1      | Reached XP level 1. HP: 14/14 MP: 1/1
     0 | D:1      | 0 ||| qw: Version: 0.2-a-12-gaebbb33
     0 | D:1      | 0 ||| qw: Game counter: 1096
     0 | D:1      | 0 ||| qw: Always use a shield: true
     0 | D:1      | 0 ||| qw: God list: Okawaru
     0 | D:1      | 0 ||| qw: Allow faded altars: false
     0 | D:1      | 0 ||| qw: Do Orc after D:15 true
     0 | D:1      | 0 ||| qw: Do second Lair branch before Depths: true
     0 | D:1      | 0 ||| qw: Lair rune preference: random
     0 | D:1      | 0 ||| qw: Plans: Normal, Zot:1-4, God:TSO, Crypt, Tomb,
                  | Pan, Slime:5, Hells, Abyss, Orb
     0 | D:1      | 0 ||| PLANNING D:1-11
    82 | D:1      | Reached skill level 2 in Axes
   179 | D:1      | Reached XP level 2. HP: 19/19 MP: 2/2
   711 | D:1      | 711 ||| UPGRADING to +0 chain mail.
   721 | D:1      | 721 ||| DROPPING +0 scale mail.
   722 | D:1      | 722 ||| READING scroll labelled DUENEF GIPLO.
   723 | D:1      | 723 ||| DRINKING 2 fuming blue potions.
   824 | D:1      | 824 ||| DROPPING potion of ambrosia.
   851 | D:2      | Reached skill level 3 in Axes
   851 | D:2      | Reached XP level 3. HP: 23/23 MP: 3/3
  1298 | D:2      | 1298 ||| Stepping ~*~*~tactically~*~*~ (stealth).
  1299 | D:2      | 1299 ||| Stepping ~*~*~tactically~*~*~ (stealth).
  1308 | D:2      | 1308 ||| Stepping ~*~*~tactically~*~*~ (stealth).
  1321 | D:2      | 1321 ||| Stepping ~*~*~tactically~*~*~ (stealth).
  1741 | D:2      | 1741 ||| UPGRADING to amulet of guardian spirit.
  1746 | D:2      | 1746 ||| READING 2 scrolls labelled VUHUJIFUSA.
  1747 | D:2      | 1747 ||| READING scroll labelled ALEOSA EDIONN.
  1750 | D:2      | 1750 ||| READING scroll labelled BADEDI KAEXE.
  1751 | D:2      | 1751 ||| DRINKING 2 orange potions.
  1752 | D:2      | 1752 ||| READING 3 scrolls of identify.
  1752 | D:2      | 1752 ||| IDENTIFYING fizzy pink potion
  1753 | D:2      | 1753 ||| READING 2 scrolls of identify.
  1753 | D:2      | 1753 ||| IDENTIFYING green potion
  1754 | D:2      | 1754 ||| DROPPING potion of flight.
  1794 | D:3      | 1794 ||| STAIRDANCE
  1798 | D:2      | Reached XP level 4. HP: 26/28 MP: 2/4
  1859 | D:3      | Reached skill level 4 in Axes
  1905 | D:3      | 1905 ||| Stepping ~*~*~tactically~*~*~ (stealth).
  1906 | D:3      | 1906 ||| Stepping ~*~*~tactically~*~*~ (stealth).
  1906 | D:3      | Noticed Robin
  1923 | D:3      | Killed Robin
  2087 | D:3      | 2087 ||| FLEEEEING.
  2123 | D:3      | Found a faded altar of an unknown god.
  2181 | D:3      | 2181 ||| Stepping ~*~*~tactically~*~*~ (stealth).
  2195 | D:3      | Reached XP level 5. HP: 32/32 MP: 5/5
  2286 | D:3      | Found a sparkling altar of Nemelex Xobeh.
  2288 | D:3      | 2288 ||| Stepping ~*~*~tactically~*~*~ (stealth).
  2289 | D:3      | 2289 ||| Stepping ~*~*~tactically~*~*~ (stealth).
  2300 | D:3      | 2300 ||| Stepping ~*~*~tactically~*~*~ (stealth).
  2334 | D:3      | Reached skill level 5 in Axes
  2416 | D:3      | 2416 ||| Stepping ~*~*~tactically~*~*~ (stealth).
  2420 | D:3      | 2420 ||| DROPPING +0 whip.
  2457 | D:3      | 2457 ||| Stepping ~*~*~tactically~*~*~ (stealth).
  2842 | D:3      | Found a snail-covered altar of Cheibriados.
  2927 | D:3      | Found a glowing golden altar of the Shining One.
  3131 | D:3      | 3131 ||| UPGRADING to +0 helmet.
  3136 | D:3      | 3136 ||| READING scroll of enchant armour.
  3136 | D:3      | 3136 ||| ENCHANTING +0 helmet.
  3137 | D:3      | 3137 ||| UPGRADING to ring of protection from fire.
  3142 | D:3      | 3142 ||| READING scroll labelled IMOTOSTR CISUKE.
  3163 | D:4      | Found a staircase to the Ecumenical Temple.
  3164 | D:4      | 3164 ||| PLANNING TEMPLE
  3164 | D:4      | 3164 ||| FLEEEEING.
  3165 | D:4      | 3165 ||| STAIRDANCE
  3185 | D:4      | 3185 ||| STAIRDANCE
  3232 | D:4      | 3232 ||| STAIRDANCE
  3280 | Temple   | Entered the Ecumenical Temple
  3513 | Temple   | 3513 ||| PLANNING D:1-11
  3589 | D:4      | Reached XP level 6. HP: 38/38 MP: 6/6
  3614 | D:4      | 3614 ||| DROPPING +0 flail.
  3758 | D:4      | Noticed an ice beast
  3771 | D:4      | HP: 4/38 [ice beast (13)]
  3772 | D:4      | 3772 ||| READING scroll of teleportation.
  4093 | D:4      | Noticed Menkaure
  4094 | D:4      | 4094 ||| Stepping ~*~*~tactically~*~*~ (hiding).
  4107 | D:4      | Killed Menkaure
  4317 | D:4      | Reached skill level 6 in Axes
  4445 | D:4      | 4445 ||| Stepping ~*~*~tactically~*~*~ (hiding).
  4446 | D:4      | 4446 ||| Stepping ~*~*~tactically~*~*~ (hiding).
  4453 | D:4      | Reached skill level 1 in Dodging
  4453 | D:4      | Reached XP level 7. HP: 38/43 MP: 5/7
  4529 | D:4      | 4529 ||| Stepping ~*~*~tactically~*~*~ (stealth).
  4572 | D:4      | Found Peoxtol's Armour Boutique.
  4580 | D:4      | 4580 ||| BUYING +0 pair of boots (58 gold).
  4580 | D:4      | Bought a +0 pair of boots for 58 gold pieces
  4580 | D:4      | 4580 ||| SHOPLISTING +0 plate armour (299 gold, have 80).
  4580 | D:4      | 4580 ||| SHOPLISTING +2 plate armour of cold resistance
                  | (520 gold, have 80).
  4580 | D:4      | 4580 ||| SHOPLISTING +4 chain mail of cold resistance (409
                  | gold, have 80).
  4722 | D:4      | 4722 ||| Stepping ~*~*~tactically~*~*~ (stealth).
  5173 | D:4      | 5173 ||| UPGRADING to +2 buckler.
  5183 | D:4      | 5183 ||| DROPPING +0 buckler.
  5184 | D:4      | 5184 ||| UPGRADING to +0 pair of boots.
  5189 | D:4      | 5189 ||| DRINKING 2 fuming cyan potions.
  5190 | D:4      | 5190 ||| READING 3 scrolls of identify.
  5190 | D:4      | 5190 ||| IDENTIFYING clear potion
  5191 | D:4      | 5191 ||| READING 2 scrolls of identify.
  5191 | D:4      | 5191 ||| IDENTIFYING glowing blue potion
  5192 | D:4      | 5192 ||| DROPPING potion of degeneration.
  5193 | D:4      | 5193 ||| DROPPING potion of magic.
  5203 | D:5      | Entered Level 5 of the Dungeon
  5204 | D:5      | 5204 ||| PLANNING OSSUARY
  5206 | D:5      | 5206 ||| STAIRDANCE
  5211 | D:4      | Reached skill level 7 in Axes
  5401 | D:5      | Reached skill level 1 in Throwing
  5401 | D:5      | Reached XP level 8. HP: 49/49 MP: 8/8
  5461 | D:5      | Found a sacrificial altar of Ru.
  5463 | D:5      | 5463 ||| Stepping ~*~*~tactically~*~*~ (hiding).
  5747 | D:5      | 5747 ||| FLEEEEING.
  5748 | D:5      | 5748 ||| FLEEEEING.
  5749 | D:5      | 5749 ||| FLEEEEING.
  5750 | D:5      | 5750 ||| FLEEEEING.
  5751 | D:5      | 5751 ||| FLEEEEING.
  5752 | D:5      | 5752 ||| FLEEEEING.
  5753 | D:5      | 5753 ||| FLEEEEING.
  5754 | D:5      | 5754 ||| FLEEEEING.
  5755 | D:5      | 5755 ||| FLEEEEING.
  5756 | D:5      | 5756 ||| FLEEEEING.
  5757 | D:5      | 5757 ||| FLEEEEING.
  5758 | D:5      | 5758 ||| FLEEEEING.
  5759 | D:5      | 5759 ||| FLEEEEING.
  5760 | D:5      | 5760 ||| FLEEEEING.
  5761 | D:5      | 5761 ||| Stepping ~*~*~tactically~*~*~ (hiding).
  5785 | D:5      | 5785 ||| RIP OSSUARY
  5794 | D:5      | Found a one-way gate to the infinite horrors of the Abyss.
  5794 | D:5      | Noticed a toenail golem
  5794 | D:5      | Noticed qw's ghost (novice GrFi)
  5795 | D:5      | 5795 ||| PLANNING D:1-11
  5818 | D:5      | Found a broken altar of Ashenzari.
  5825 | D:5      | Reached skill level 8 in Axes
  5992 | D:5      | Found a transporter.
  6026 | D:5      | Found a transporter.
  6207 | D:5      | 6207 ||| DRINKING 3 purple potions.
  6208 | D:5      | 6208 ||| READING 3 scrolls of identify.
  6208 | D:5      | 6208 ||| IDENTIFYING murky coppery potion
  6209 | D:5      | 6209 ||| READING 2 scrolls of identify.
  6209 | D:5      | 6209 ||| IDENTIFYING black potion
  6237 | D:6      | 6237 ||| Stepping ~*~*~tactically~*~*~ (stealth).
  6329 | D:6      | 6329 ||| DROPPING +1 flail of holy wrath.
  6351 | D:6      | 6351 ||| Stepping ~*~*~tactically~*~*~ (stealth).
  6353 | D:6      | 6353 ||| Stepping ~*~*~tactically~*~*~ (hiding).
  6437 | D:6      | Reached skill level 6 in Fighting
  6606 | D:6      | Reached XP level 9. HP: 52/55 MP: 9/9
  6637 | D:6      | Reached skill level 9 in Axes
  6699 | D:6      | Noticed Pikel
  6721 | D:6      | Killed Pikel
  7061 | D:6      | 7061 ||| READING scroll labelled AJAICO OHECKI.
  7145 | D:7      | Found a flagged portal.
  7184 | D:7      | 7184 ||| READING scroll of enchant armour.
  7184 | D:7      | 7184 ||| ENCHANTING +1 helmet.
  7395 | D:7      | Found a runed translucent door.
  7396 | D:7      | Noticed Crazy Yiuf
  7416 | D:7      | 7416 ||| Stepping ~*~*~tactically~*~*~ (stealth).
  7599 | D:7      | Found a white marble altar of Elyvilon.
  7599 | D:7      | Found an iron altar of Okawaru.
  7600 | D:7      | 7600 ||| PLANNING OKAWARU WORSHIP
  7600 | D:7      | 7600 ||| READING scroll labelled KUPUNU CUFEM.
  7601 | D:7      | 7601 ||| READING scroll of teleportation.
  7604 | D:7      | 7604 ||| Stepping randomly (stuck).
  7605 | D:7      | 7605 ||| Stepping randomly (stuck).
  7606 | D:7      | 7606 ||| Stepping randomly (stuck).
  7607 | D:7      | 7607 ||| Stepping randomly (stuck).
  7608 | D:7      | 7608 ||| Stepping randomly (stuck).
  7609 | D:7      | 7609 ||| Stepping randomly (stuck).
  7610 | D:7      | 7610 ||| Stepping randomly (stuck).
  7611 | D:7      | 7611 ||| Stepping randomly (stuck).
  7612 | D:7      | 7612 ||| Stepping randomly (stuck).
  7613 | D:7      | 7613 ||| Stepping randomly (stuck).
  7614 | D:7      | 7614 ||| Stepping randomly (stuck).
  7615 | D:7      | 7615 ||| Stepping randomly (stuck).
  7616 | D:7      | 7616 ||| Stepping randomly (stuck).
  7617 | D:7      | 7617 ||| Stepping randomly (stuck).
  7618 | D:7      | 7618 ||| Stepping randomly (stuck).
  7619 | D:7      | 7619 ||| Stepping randomly (stuck).
  7620 | D:7      | 7620 ||| Stepping randomly (stuck).
  7621 | D:7      | 7621 ||| Stepping randomly (stuck).
  7622 | D:7      | 7622 ||| Stepping randomly (stuck).
  7623 | D:7      | 7623 ||| Stepping randomly (stuck).
  7624 | D:7      | 7624 ||| Stepping randomly (stuck).
  7625 | D:7      | 7625 ||| Stepping randomly (stuck).
  7626 | D:7      | 7626 ||| Stepping randomly (stuck).
  7627 | D:7      | 7627 ||| Stepping randomly (stuck).
  7628 | D:7      | 7628 ||| Stepping randomly (stuck).
  7629 | D:7      | 7629 ||| Stepping randomly (stuck).
  7630 | D:7      | 7630 ||| Stepping randomly (stuck).
  7631 | D:7      | 7631 ||| Stepping randomly (stuck).
  7632 | D:7      | 7632 ||| Stepping randomly (stuck).
  7633 | D:7      | 7633 ||| Stepping randomly (stuck).
  7634 | D:7      | 7634 ||| Stepping randomly (stuck).
  7635 | D:7      | 7635 ||| Stepping randomly (stuck).
  7636 | D:7      | 7636 ||| Stepping randomly (stuck).
  7637 | D:7      | 7637 ||| Stepping randomly (stuck).
  7638 | D:7      | 7638 ||| Stepping randomly (stuck).
  7639 | D:7      | 7639 ||| Stepping randomly (stuck).
  7640 | D:7      | 7640 ||| Stepping randomly (stuck).
  7641 | D:7      | 7641 ||| Stepping randomly (stuck).
  7642 | D:7      | 7642 ||| Stepping randomly (stuck).
  7643 | D:7      | 7643 ||| Stepping randomly (stuck).
  7644 | D:7      | 7644 ||| Stepping randomly (stuck).
  7645 | D:7      | 7645 ||| Stepping randomly (stuck).
  7646 | D:7      | 7646 ||| Stepping randomly (stuck).
  7647 | D:7      | 7647 ||| Stepping randomly (stuck).
  7648 | D:7      | 7648 ||| Stepping randomly (stuck).
  7649 | D:7      | 7649 ||| Stepping randomly (stuck).
  7650 | D:7      | 7650 ||| Stepping randomly (stuck).
  7651 | D:7      | 7651 ||| Stepping randomly (stuck).
  7652 | D:7      | 7652 ||| Stepping randomly (stuck).
  7653 | D:7      | 7653 ||| Stepping randomly (stuck).
  7654 | D:7      | 7654 ||| Stepping randomly (stuck).
  7655 | D:7      | 7655 ||| Stepping randomly (stuck).
  7656 | D:7      | 7656 ||| Stepping randomly (stuck).
  7657 | D:7      | 7657 ||| Stepping randomly (stuck).
  7658 | D:7      | 7658 ||| Stepping randomly (stuck).
  7659 | D:7      | 7659 ||| Stepping randomly (stuck).
  7660 | D:7      | 7660 ||| Stepping randomly (stuck).
  7661 | D:7      | 7661 ||| Stepping randomly (stuck).
  7662 | D:7      | 7662 ||| Stepping randomly (stuck).
  7663 | D:7      | 7663 ||| Stepping randomly (stuck).
  7664 | D:7      | 7664 ||| Stepping randomly (stuck).
  7665 | D:7      | 7665 ||| Stepping randomly (stuck).
  7666 | D:7      | 7666 ||| Stepping randomly (stuck).
  7667 | D:7      | 7667 ||| Stepping randomly (stuck).
  7668 | D:7      | 7668 ||| Stepping randomly (stuck).
  7669 | D:7      | 7669 ||| Stepping randomly (stuck).
  7670 | D:7      | 7670 ||| Stepping randomly (stuck).
  7671 | D:7      | 7671 ||| Stepping randomly (stuck).
  7672 | D:7      | 7672 ||| Stepping randomly (stuck).
  7673 | D:7      | 7673 ||| Stepping randomly (stuck).
  7674 | D:7      | 7674 ||| Stepping randomly (stuck).
  7675 | D:7      | 7675 ||| Stepping randomly (stuck).
  7676 | D:7      | 7676 ||| Stepping randomly (stuck).
  7677 | D:7      | 7677 ||| Stepping randomly (stuck).
  7678 | D:7      | 7678 ||| Stepping randomly (stuck).
  7679 | D:7      | 7679 ||| Stepping randomly (stuck).
  7680 | D:7      | 7680 ||| Stepping randomly (stuck).
  7681 | D:7      | 7681 ||| Stepping randomly (stuck).
  7682 | D:7      | 7682 ||| Stepping randomly (stuck).
  7683 | D:7      | 7683 ||| Stepping randomly (stuck).
  7684 | D:7      | 7684 ||| Stepping randomly (stuck).
  7685 | D:7      | 7685 ||| Stepping randomly (stuck).
  7686 | D:7      | 7686 ||| Stepping randomly (stuck).
  7687 | D:7      | 7687 ||| Stepping randomly (stuck).
  7688 | D:7      | 7688 ||| Stepping randomly (stuck).
  7689 | D:7      | 7689 ||| Stepping randomly (stuck).
  7690 | D:7      | 7690 ||| Stepping randomly (stuck).
  7691 | D:7      | 7691 ||| Stepping randomly (stuck).
  7692 | D:7      | 7692 ||| Stepping randomly (stuck).
  7693 | D:7      | 7693 ||| Stepping randomly (stuck).
  7694 | D:7      | 7694 ||| Stepping randomly (stuck).
  7695 | D:7      | 7695 ||| Stepping randomly (stuck).
  7696 | D:7      | 7696 ||| Stepping randomly (stuck).
  7697 | D:7      | 7697 ||| Stepping randomly (stuck).
  7698 | D:7      | 7698 ||| Stepping randomly (stuck).
  7699 | D:7      | 7699 ||| Stepping randomly (stuck).
  7700 | D:7      | 7700 ||| Stepping randomly (stuck).
  7701 | D:7      | 7701 ||| Stepping randomly (stuck).
  7702 | D:7      | 7702 ||| Stepping randomly (stuck).
  7703 | D:7      | 7703 ||| Stepping randomly (stuck).
  7704 | D:7      | 7704 ||| Stepping randomly (stuck).
  7705 | D:7      | 7705 ||| Stepping randomly (stuck).
  7706 | D:7      | 7706 ||| Stepping randomly (stuck).
  7707 | D:7      | 7707 ||| Stepping randomly (stuck).
  7708 | D:7      | 7708 ||| Stepping randomly (stuck).
  7709 | D:7      | 7709 ||| Stepping randomly (stuck).
  7710 | D:7      | 7710 ||| Stepping randomly (stuck).
  7711 | D:7      | 7711 ||| Stepping randomly (stuck).
  7712 | D:7      | 7712 ||| Stepping randomly (stuck).
  7713 | D:7      | 7713 ||| Stepping randomly (stuck).
  7714 | D:7      | 7714 ||| Stepping randomly (stuck).
  7715 | D:7      | 7715 ||| Stepping randomly (stuck).
  7716 | D:7      | 7716 ||| Stepping randomly (stuck).
  7717 | D:7      | 7717 ||| Stepping randomly (stuck).
  7718 | D:7      | 7718 ||| Stepping randomly (stuck).
  7719 | D:7      | 7719 ||| Stepping randomly (stuck).
  7720 | D:7      | 7720 ||| Stepping randomly (stuck).
  7721 | D:7      | 7721 ||| Stepping randomly (stuck).
  7722 | D:7      | 7722 ||| Stepping randomly (stuck).
  7723 | D:7      | 7723 ||| Stepping randomly (stuck).
  7724 | D:7      | 7724 ||| Stepping randomly (stuck).
  7725 | D:7      | 7725 ||| Stepping randomly (stuck).
  7726 | D:7      | 7726 ||| Stepping randomly (stuck).
  7727 | D:7      | 7727 ||| Stepping randomly (stuck).
  7728 | D:7      | 7728 ||| Stepping randomly (stuck).
  7729 | D:7      | 7729 ||| Stepping randomly (stuck).
  7730 | D:7      | 7730 ||| Stepping randomly (stuck).
  7731 | D:7      | 7731 ||| Stepping randomly (stuck).
  7732 | D:7      | 7732 ||| Stepping randomly (stuck).
  7733 | D:7      | 7733 ||| Stepping randomly (stuck).
  7734 | D:7      | 7734 ||| Stepping randomly (stuck).
  7735 | D:7      | 7735 ||| Stepping randomly (stuck).
  7736 | D:7      | 7736 ||| Stepping randomly (stuck).
  7737 | D:7      | 7737 ||| Stepping randomly (stuck).
  7738 | D:7      | 7738 ||| Stepping randomly (stuck).
  7739 | D:7      | 7739 ||| Stepping randomly (stuck).
  7740 | D:7      | 7740 ||| Stepping randomly (stuck).
  7741 | D:7      | 7741 ||| Stepping randomly (stuck).
  7742 | D:7      | 7742 ||| Stepping randomly (stuck).
  7743 | D:7      | 7743 ||| Stepping randomly (stuck).
  7744 | D:7      | 7744 ||| Stepping randomly (stuck).
  7745 | D:7      | 7745 ||| Stepping randomly (stuck).
  7746 | D:7      | 7746 ||| Stepping randomly (stuck).
  7747 | D:7      | 7747 ||| Stepping randomly (stuck).
  7748 | D:7      | 7748 ||| Stepping randomly (stuck).
  7749 | D:7      | 7749 ||| Stepping randomly (stuck).
  7750 | D:7      | 7750 ||| Stepping randomly (stuck).
  7751 | D:7      | 7751 ||| Stepping randomly (stuck).
  7752 | D:7      | 7752 ||| Stepping randomly (stuck).
  7753 | D:7      | 7753 ||| Stepping randomly (stuck).
  7754 | D:7      | 7754 ||| Stepping randomly (stuck).
  7755 | D:7      | 7755 ||| Stepping randomly (stuck).
  7756 | D:7      | 7756 ||| Stepping randomly (stuck).
  7757 | D:7      | 7757 ||| Stepping randomly (stuck).
  7758 | D:7      | 7758 ||| Stepping randomly (stuck).
  7759 | D:7      | 7759 ||| Stepping randomly (stuck).
  7760 | D:7      | 7760 ||| Stepping randomly (stuck).
  7761 | D:7      | 7761 ||| Stepping randomly (stuck).
  7762 | D:7      | 7762 ||| Stepping randomly (stuck).
  7763 | D:7      | 7763 ||| Stepping randomly (stuck).
  7764 | D:7      | 7764 ||| Stepping randomly (stuck).
  7765 | D:7      | 7765 ||| Stepping randomly (stuck).
  7766 | D:7      | 7766 ||| Stepping randomly (stuck).
  7767 | D:7      | 7767 ||| Stepping randomly (stuck).
  7768 | D:7      | 7768 ||| Stepping randomly (stuck).
  7769 | D:7      | 7769 ||| Stepping randomly (stuck).
  7770 | D:7      | 7770 ||| Stepping randomly (stuck).
  7771 | D:7      | 7771 ||| Stepping randomly (stuck).
  7772 | D:7      | 7772 ||| Stepping randomly (stuck).
  7773 | D:7      | 7773 ||| Stepping randomly (stuck).
  7774 | D:7      | 7774 ||| Stepping randomly (stuck).
  7775 | D:7      | 7775 ||| Stepping randomly (stuck).
  7776 | D:7      | 7776 ||| Stepping randomly (stuck).
  7777 | D:7      | 7777 ||| Stepping randomly (stuck).
  7778 | D:7      | 7778 ||| Stepping randomly (stuck).
  7779 | D:7      | 7779 ||| Stepping randomly (stuck).
  7780 | D:7      | 7780 ||| Stepping randomly (stuck).
  7781 | D:7      | 7781 ||| Stepping randomly (stuck).
  7782 | D:7      | 7782 ||| Stepping randomly (stuck).
  7783 | D:7      | 7783 ||| Stepping randomly (stuck).
  7784 | D:7      | 7784 ||| Stepping randomly (stuck).
  7785 | D:7      | 7785 ||| Stepping randomly (stuck).
  7786 | D:7      | 7786 ||| Stepping randomly (stuck).
  7787 | D:7      | 7787 ||| Stepping randomly (stuck).
  7788 | D:7      | 7788 ||| Stepping randomly (stuck).
  7789 | D:7      | 7789 ||| Stepping randomly (stuck).
  7790 | D:7      | 7790 ||| Stepping randomly (stuck).
  7791 | D:7      | 7791 ||| Stepping randomly (stuck).
  7792 | D:7      | 7792 ||| Stepping randomly (stuck).
  7793 | D:7      | 7793 ||| Stepping randomly (stuck).
  7794 | D:7      | 7794 ||| Stepping randomly (stuck).
  7795 | D:7      | 7795 ||| Stepping randomly (stuck).
  7796 | D:7      | 7796 ||| Stepping randomly (stuck).
  7797 | D:7      | 7797 ||| Stepping randomly (stuck).
  7798 | D:7      | 7798 ||| Stepping randomly (stuck).
  7799 | D:7      | 7799 ||| Stepping randomly (stuck).
  7800 | D:7      | 7800 ||| Stepping randomly (stuck).
  7801 | D:7      | 7801 ||| Stepping randomly (stuck).
  7802 | D:7      | 7802 ||| Stepping randomly (stuck).
  7803 | D:7      | 7803 ||| Stepping randomly (stuck).
  7804 | D:7      | 7804 ||| Stepping randomly (stuck).
  7805 | D:7      | 7805 ||| Stepping randomly (stuck).
  7806 | D:7      | 7806 ||| Stepping randomly (stuck).
  7807 | D:7      | 7807 ||| Stepping randomly (stuck).
  7808 | D:7      | 7808 ||| Stepping randomly (stuck).
  7809 | D:7      | 7809 ||| Stepping randomly (stuck).
  7810 | D:7      | 7810 ||| Stepping randomly (stuck).
  7811 | D:7      | 7811 ||| Stepping randomly (stuck).
  7812 | D:7      | 7812 ||| Stepping randomly (stuck).
  7813 | D:7      | 7813 ||| Stepping randomly (stuck).
  7814 | D:7      | 7814 ||| Stepping randomly (stuck).
  7815 | D:7      | 7815 ||| Stepping randomly (stuck).
  7816 | D:7      | 7816 ||| Stepping randomly (stuck).
  7817 | D:7      | 7817 ||| Stepping randomly (stuck).
  7818 | D:7      | 7818 ||| Stepping randomly (stuck).
  7819 | D:7      | 7819 ||| Stepping randomly (stuck).
  7820 | D:7      | 7820 ||| Stepping randomly (stuck).
  7821 | D:7      | 7821 ||| Stepping randomly (stuck).
  7822 | D:7      | 7822 ||| Stepping randomly (stuck).
  7823 | D:7      | 7823 ||| Stepping randomly (stuck).
  7824 | D:7      | 7824 ||| Stepping randomly (stuck).
  7825 | D:7      | 7825 ||| Stepping randomly (stuck).
  7826 | D:7      | 7826 ||| Stepping randomly (stuck).
  7827 | D:7      | 7827 ||| Stepping randomly (stuck).
  7828 | D:7      | 7828 ||| Stepping randomly (stuck).
  7829 | D:7      | 7829 ||| Stepping randomly (stuck).
  7830 | D:7      | 7830 ||| Stepping randomly (stuck).
  7831 | D:7      | 7831 ||| Stepping randomly (stuck).
  7832 | D:7      | 7832 ||| Stepping randomly (stuck).
  7833 | D:7      | 7833 ||| Stepping randomly (stuck).
  7834 | D:7      | 7834 ||| Stepping randomly (stuck).
  7835 | D:7      | 7835 ||| Stepping randomly (stuck).
  7836 | D:7      | 7836 ||| Stepping randomly (stuck).
  7837 | D:7      | 7837 ||| Stepping randomly (stuck).
  7838 | D:7      | 7838 ||| Stepping randomly (stuck).
  7839 | D:7      | 7839 ||| Stepping randomly (stuck).
  7840 | D:7      | 7840 ||| Stepping randomly (stuck).
  7841 | D:7      | 7841 ||| Stepping randomly (stuck).
  7842 | D:7      | 7842 ||| Stepping randomly (stuck).
  7843 | D:7      | 7843 ||| Stepping randomly (stuck).
  7844 | D:7      | 7844 ||| Stepping randomly (stuck).
  7845 | D:7      | 7845 ||| Stepping randomly (stuck).
  7846 | D:7      | 7846 ||| Stepping randomly (stuck).
  7847 | D:7      | 7847 ||| Stepping randomly (stuck).
  7848 | D:7      | 7848 ||| Stepping randomly (stuck).
  7849 | D:7      | 7849 ||| Stepping randomly (stuck).
  7850 | D:7      | 7850 ||| Stepping randomly (stuck).
  7851 | D:7      | 7851 ||| Stepping randomly (stuck).
  7852 | D:7      | 7852 ||| Stepping randomly (stuck).
  7853 | D:7      | 7853 ||| Stepping randomly (stuck).
  7854 | D:7      | 7854 ||| Stepping randomly (stuck).
  7855 | D:7      | 7855 ||| Stepping randomly (stuck).
  7856 | D:7      | 7856 ||| Stepping randomly (stuck).
  7857 | D:7      | 7857 ||| Stepping randomly (stuck).
  7858 | D:7      | 7858 ||| Stepping randomly (stuck).
  7859 | D:7      | 7859 ||| Stepping randomly (stuck).
  7860 | D:7      | 7860 ||| Stepping randomly (stuck).
  7861 | D:7      | 7861 ||| Stepping randomly (stuck).
  7862 | D:7      | 7862 ||| Stepping randomly (stuck).
  7863 | D:7      | 7863 ||| Stepping randomly (stuck).
  7864 | D:7      | 7864 ||| Stepping randomly (stuck).
  7865 | D:7      | 7865 ||| Stepping randomly (stuck).
  7866 | D:7      | 7866 ||| Stepping randomly (stuck).
  7867 | D:7      | 7867 ||| Stepping randomly (stuck).
  7868 | D:7      | 7868 ||| Stepping randomly (stuck).
  7869 | D:7      | 7869 ||| Stepping randomly (stuck).
  7870 | D:7      | 7870 ||| Stepping randomly (stuck).
  7871 | D:7      | 7871 ||| Stepping randomly (stuck).
  7872 | D:7      | 7872 ||| Stepping randomly (stuck).
  7873 | D:7      | 7873 ||| Stepping randomly (stuck).
  7874 | D:7      | 7874 ||| Stepping randomly (stuck).
  7875 | D:7      | 7875 ||| Stepping randomly (stuck).
  7876 | D:7      | 7876 ||| Stepping randomly (stuck).
  7877 | D:7      | 7877 ||| Stepping randomly (stuck).
  7878 | D:7      | 7878 ||| Stepping randomly (stuck).
  7879 | D:7      | 7879 ||| Stepping randomly (stuck).
  7880 | D:7      | 7880 ||| Stepping randomly (stuck).
  7881 | D:7      | 7881 ||| Stepping randomly (stuck).
  7882 | D:7      | 7882 ||| Stepping randomly (stuck).
  7883 | D:7      | 7883 ||| Stepping randomly (stuck).
  7884 | D:7      | 7884 ||| Stepping randomly (stuck).
  7885 | D:7      | 7885 ||| Stepping randomly (stuck).
  7886 | D:7      | 7886 ||| Stepping randomly (stuck).
  7887 | D:7      | 7887 ||| Stepping randomly (stuck).
  7888 | D:7      | 7888 ||| Stepping randomly (stuck).
  7889 | D:7      | 7889 ||| Stepping randomly (stuck).
  7890 | D:7      | 7890 ||| Stepping randomly (stuck).
  7891 | D:7      | 7891 ||| Stepping randomly (stuck).
  7892 | D:7      | 7892 ||| Stepping randomly (stuck).
  7893 | D:7      | 7893 ||| Stepping randomly (stuck).
  7894 | D:7      | 7894 ||| Stepping randomly (stuck).
  7895 | D:7      | 7895 ||| Stepping randomly (stuck).
  7896 | D:7      | 7896 ||| Stepping randomly (stuck).
  7897 | D:7      | 7897 ||| Stepping randomly (stuck).
  7898 | D:7      | 7898 ||| Stepping randomly (stuck).
  7899 | D:7      | 7899 ||| Stepping randomly (stuck).
  7900 | D:7      | 7900 ||| Stepping randomly (stuck).
  7901 | D:7      | 7901 ||| Stepping randomly (stuck).
  7902 | D:7      | 7902 ||| Stepping randomly (stuck).
  7903 | D:7      | 7903 ||| Stepping randomly (stuck).
  7904 | D:7      | 7904 ||| Stepping randomly (stuck).
  7905 | D:7      | 7905 ||| Stepping randomly (stuck).
  7906 | D:7      | 7906 ||| Stepping randomly (stuck).
  7907 | D:7      | 7907 ||| Stepping randomly (stuck).
  7908 | D:7      | 7908 ||| Stepping randomly (stuck).
  7909 | D:7      | 7909 ||| Stepping randomly (stuck).
  7910 | D:7      | 7910 ||| Stepping randomly (stuck).
  7911 | D:7      | 7911 ||| Stepping randomly (stuck).
  7912 | D:7      | 7912 ||| Stepping randomly (stuck).
  7913 | D:7      | 7913 ||| Stepping randomly (stuck).
  7914 | D:7      | 7914 ||| Stepping randomly (stuck).
  7915 | D:7      | 7915 ||| Stepping randomly (stuck).
  7916 | D:7      | 7916 ||| Stepping randomly (stuck).
  7917 | D:7      | 7917 ||| Stepping randomly (stuck).
  7918 | D:7      | 7918 ||| Stepping randomly (stuck).
  7919 | D:7      | 7919 ||| Stepping randomly (stuck).
  7920 | D:7      | 7920 ||| Stepping randomly (stuck).
  7921 | D:7      | 7921 ||| Stepping randomly (stuck).
  7922 | D:7      | 7922 ||| Stepping randomly (stuck).
  7923 | D:7      | 7923 ||| Stepping randomly (stuck).
  7924 | D:7      | 7924 ||| Stepping randomly (stuck).
  7925 | D:7      | 7925 ||| Stepping randomly (stuck).
  7926 | D:7      | 7926 ||| Stepping randomly (stuck).
  7927 | D:7      | 7927 ||| Stepping randomly (stuck).
  7928 | D:7      | 7928 ||| Stepping randomly (stuck).
  7929 | D:7      | 7929 ||| Stepping randomly (stuck).
  7930 | D:7      | 7930 ||| Stepping randomly (stuck).
  7931 | D:7      | 7931 ||| Stepping randomly (stuck).
  7932 | D:7      | 7932 ||| Stepping randomly (stuck).
  7933 | D:7      | 7933 ||| Stepping randomly (stuck).
  7934 | D:7      | 7934 ||| Stepping randomly (stuck).
  7935 | D:7      | 7935 ||| Stepping randomly (stuck).
  7936 | D:7      | 7936 ||| Stepping randomly (stuck).
  7937 | D:7      | 7937 ||| Stepping randomly (stuck).
  7938 | D:7      | 7938 ||| Stepping randomly (stuck).
  7939 | D:7      | 7939 ||| Stepping randomly (stuck).
  7940 | D:7      | 7940 ||| Stepping randomly (stuck).
  7941 | D:7      | 7941 ||| Stepping randomly (stuck).
  7942 | D:7      | 7942 ||| Stepping randomly (stuck).
  7943 | D:7      | 7943 ||| Stepping randomly (stuck).
  7944 | D:7      | 7944 ||| Stepping randomly (stuck).
  7945 | D:7      | 7945 ||| Stepping randomly (stuck).
  7946 | D:7      | 7946 ||| Stepping randomly (stuck).
  7947 | D:7      | 7947 ||| Stepping randomly (stuck).
  7948 | D:7      | 7948 ||| Stepping randomly (stuck).
  7949 | D:7      | 7949 ||| Stepping randomly (stuck).
  7950 | D:7      | 7950 ||| Stepping randomly (stuck).
  7951 | D:7      | 7951 ||| Stepping randomly (stuck).
  7952 | D:7      | 7952 ||| Stepping randomly (stuck).
  7953 | D:7      | 7953 ||| Stepping randomly (stuck).
  7954 | D:7      | 7954 ||| Stepping randomly (stuck).
  7955 | D:7      | 7955 ||| Stepping randomly (stuck).
  7956 | D:7      | 7956 ||| Stepping randomly (stuck).
  7957 | D:7      | 7957 ||| Stepping randomly (stuck).
  7958 | D:7      | 7958 ||| Stepping randomly (stuck).
  7959 | D:7      | 7959 ||| Stepping randomly (stuck).
  7960 | D:7      | 7960 ||| Stepping randomly (stuck).
  7961 | D:7      | 7961 ||| Stepping randomly (stuck).
  7962 | D:7      | 7962 ||| Stepping randomly (stuck).
  7963 | D:7      | 7963 ||| Stepping randomly (stuck).
  7964 | D:7      | 7964 ||| Stepping randomly (stuck).
  7965 | D:7      | 7965 ||| Stepping randomly (stuck).
  7966 | D:7      | 7966 ||| Stepping randomly (stuck).
  7967 | D:7      | 7967 ||| Stepping randomly (stuck).
  7968 | D:7      | 7968 ||| Stepping randomly (stuck).
  7969 | D:7      | 7969 ||| Stepping randomly (stuck).
  7970 | D:7      | 7970 ||| Stepping randomly (stuck).
  7971 | D:7      | 7971 ||| Stepping randomly (stuck).
  7972 | D:7      | 7972 ||| Stepping randomly (stuck).
  7973 | D:7      | 7973 ||| Stepping randomly (stuck).
  7974 | D:7      | 7974 ||| Stepping randomly (stuck).
  7975 | D:7      | 7975 ||| Stepping randomly (stuck).
  7976 | D:7      | 7976 ||| Stepping randomly (stuck).
  7977 | D:7      | 7977 ||| Stepping randomly (stuck).
  7978 | D:7      | 7978 ||| Stepping randomly (stuck).
  7979 | D:7      | 7979 ||| Stepping randomly (stuck).
  7980 | D:7      | 7980 ||| Stepping randomly (stuck).
  7981 | D:7      | 7981 ||| Stepping randomly (stuck).
  7982 | D:7      | 7982 ||| Stepping randomly (stuck).
  7983 | D:7      | 7983 ||| Stepping randomly (stuck).
  7984 | D:7      | 7984 ||| Stepping randomly (stuck).
  7985 | D:7      | 7985 ||| Stepping randomly (stuck).
  7986 | D:7      | 7986 ||| Stepping randomly (stuck).
  7987 | D:7      | 7987 ||| Stepping randomly (stuck).
  7988 | D:7      | 7988 ||| Stepping randomly (stuck).
  7989 | D:7      | 7989 ||| Stepping randomly (stuck).
  7990 | D:7      | 7990 ||| Stepping randomly (stuck).
  7991 | D:7      | 7991 ||| Stepping randomly (stuck).
  7992 | D:7      | 7992 ||| Stepping randomly (stuck).
  7993 | D:7      | 7993 ||| Stepping randomly (stuck).
  7994 | D:7      | 7994 ||| Stepping randomly (stuck).
  7995 | D:7      | 7995 ||| Stepping randomly (stuck).
  7996 | D:7      | 7996 ||| Stepping randomly (stuck).
  7997 | D:7      | 7997 ||| Stepping randomly (stuck).
  7998 | D:7      | 7998 ||| Stepping randomly (stuck).
  7999 | D:7      | 7999 ||| Stepping randomly (stuck).
  8000 | D:7      | 8000 ||| Stepping randomly (stuck).
  8001 | D:7      | 8001 ||| Stepping randomly (stuck).
  8002 | D:7      | 8002 ||| Stepping randomly (stuck).
  8003 | D:7      | 8003 ||| Stepping randomly (stuck).
  8004 | D:7      | 8004 ||| Stepping randomly (stuck).
  8005 | D:7      | 8005 ||| Stepping randomly (stuck).
  8006 | D:7      | 8006 ||| Stepping randomly (stuck).
  8007 | D:7      | 8007 ||| Stepping randomly (stuck).
  8008 | D:7      | 8008 ||| Stepping randomly (stuck).
  8009 | D:7      | 8009 ||| Stepping randomly (stuck).
  8010 | D:7      | 8010 ||| Stepping randomly (stuck).
  8011 | D:7      | 8011 ||| Stepping randomly (stuck).
  8012 | D:7      | 8012 ||| Stepping randomly (stuck).
  8013 | D:7      | 8013 ||| Stepping randomly (stuck).
  8014 | D:7      | 8014 ||| Stepping randomly (stuck).
  8015 | D:7      | 8015 ||| Stepping randomly (stuck).
  8016 | D:7      | 8016 ||| Stepping randomly (stuck).
  8017 | D:7      | 8017 ||| Stepping randomly (stuck).
  8018 | D:7      | 8018 ||| Stepping randomly (stuck).
  8019 | D:7      | 8019 ||| Stepping randomly (stuck).
  8020 | D:7      | 8020 ||| Stepping randomly (stuck).
  8021 | D:7      | 8021 ||| Stepping randomly (stuck).
  8022 | D:7      | 8022 ||| Stepping randomly (stuck).
  8023 | D:7      | 8023 ||| Stepping randomly (stuck).
  8024 | D:7      | 8024 ||| Stepping randomly (stuck).
  8025 | D:7      | 8025 ||| Stepping randomly (stuck).
  8026 | D:7      | 8026 ||| Stepping randomly (stuck).
  8027 | D:7      | 8027 ||| Stepping randomly (stuck).
  8028 | D:7      | 8028 ||| Stepping randomly (stuck).
  8029 | D:7      | 8029 ||| Stepping randomly (stuck).
  8030 | D:7      | 8030 ||| Stepping randomly (stuck).
  8031 | D:7      | 8031 ||| Stepping randomly (stuck).
  8032 | D:7      | 8032 ||| Stepping randomly (stuck).
  8033 | D:7      | 8033 ||| Stepping randomly (stuck).
  8034 | D:7      | 8034 ||| Stepping randomly (stuck).
  8035 | D:7      | 8035 ||| Stepping randomly (stuck).
  8036 | D:7      | 8036 ||| Stepping randomly (stuck).
  8037 | D:7      | 8037 ||| Stepping randomly (stuck).
  8038 | D:7      | 8038 ||| Stepping randomly (stuck).
  8039 | D:7      | 8039 ||| Stepping randomly (stuck).
  8040 | D:7      | 8040 ||| Stepping randomly (stuck).
  8041 | D:7      | 8041 ||| Stepping randomly (stuck).
  8042 | D:7      | 8042 ||| Stepping randomly (stuck).
  8043 | D:7      | 8043 ||| Stepping randomly (stuck).
  8044 | D:7      | 8044 ||| Stepping randomly (stuck).
  8045 | D:7      | 8045 ||| Stepping randomly (stuck).
  8046 | D:7      | 8046 ||| Stepping randomly (stuck).
  8047 | D:7      | 8047 ||| Stepping randomly (stuck).
  8048 | D:7      | 8048 ||| Stepping randomly (stuck).
  8049 | D:7      | 8049 ||| Stepping randomly (stuck).
  8050 | D:7      | 8050 ||| Stepping randomly (stuck).
  8051 | D:7      | 8051 ||| Stepping randomly (stuck).
  8052 | D:7      | 8052 ||| Stepping randomly (stuck).
  8053 | D:7      | 8053 ||| Stepping randomly (stuck).
  8054 | D:7      | 8054 ||| Stepping randomly (stuck).
  8055 | D:7      | 8055 ||| Stepping randomly (stuck).
  8056 | D:7      | 8056 ||| Stepping randomly (stuck).
  8057 | D:7      | 8057 ||| Stepping randomly (stuck).
  8058 | D:7      | 8058 ||| Stepping randomly (stuck).
  8059 | D:7      | 8059 ||| Stepping randomly (stuck).
  8060 | D:7      | 8060 ||| Stepping randomly (stuck).
  8061 | D:7      | 8061 ||| Stepping randomly (stuck).
  8062 | D:7      | 8062 ||| Stepping randomly (stuck).
  8063 | D:7      | 8063 ||| Stepping randomly (stuck).
  8064 | D:7      | 8064 ||| Stepping randomly (stuck).
  8065 | D:7      | 8065 ||| Stepping randomly (stuck).
  8066 | D:7      | 8066 ||| Stepping randomly (stuck).
  8067 | D:7      | 8067 ||| Stepping randomly (stuck).
  8068 | D:7      | 8068 ||| Stepping randomly (stuck).
  8069 | D:7      | 8069 ||| Stepping randomly (stuck).
  8070 | D:7      | 8070 ||| Stepping randomly (stuck).
  8071 | D:7      | 8071 ||| Stepping randomly (stuck).
  8072 | D:7      | 8072 ||| Stepping randomly (stuck).
  8073 | D:7      | 8073 ||| Stepping randomly (stuck).
  8074 | D:7      | 8074 ||| Stepping randomly (stuck).
  8075 | D:7      | 8075 ||| Stepping randomly (stuck).
  8076 | D:7      | 8076 ||| Stepping randomly (stuck).
  8077 | D:7      | 8077 ||| Stepping randomly (stuck).
  8078 | D:7      | 8078 ||| Stepping randomly (stuck).
  8079 | D:7      | 8079 ||| Stepping randomly (stuck).
  8080 | D:7      | 8080 ||| Stepping randomly (stuck).
  8081 | D:7      | 8081 ||| Stepping randomly (stuck).
  8082 | D:7      | 8082 ||| Stepping randomly (stuck).
  8083 | D:7      | 8083 ||| Stepping randomly (stuck).
  8084 | D:7      | 8084 ||| Stepping randomly (stuck).
  8085 | D:7      | 8085 ||| Stepping randomly (stuck).
  8086 | D:7      | 8086 ||| Stepping randomly (stuck).
  8087 | D:7      | 8087 ||| Stepping randomly (stuck).
  8088 | D:7      | 8088 ||| Stepping randomly (stuck).
  8089 | D:7      | 8089 ||| Stepping randomly (stuck).
  8090 | D:7      | 8090 ||| Stepping randomly (stuck).
  8091 | D:7      | 8091 ||| Stepping randomly (stuck).
  8092 | D:7      | 8092 ||| Stepping randomly (stuck).
  8093 | D:7      | 8093 ||| Stepping randomly (stuck).
  8094 | D:7      | 8094 ||| Stepping randomly (stuck).
  8095 | D:7      | 8095 ||| Stepping randomly (stuck).
  8096 | D:7      | 8096 ||| Stepping randomly (stuck).
  8097 | D:7      | 8097 ||| Stepping randomly (stuck).
  8098 | D:7      | 8098 ||| Stepping randomly (stuck).
  8099 | D:7      | 8099 ||| Stepping randomly (stuck).
  8100 | D:7      | 8100 ||| Stepping randomly (stuck).
  8101 | D:7      | 8101 ||| Stepping randomly (stuck).
  8102 | D:7      | 8102 ||| Stepping randomly (stuck).
  8103 | D:7      | 8103 ||| Stepping randomly (stuck).
  8104 | D:7      | 8104 ||| Stepping randomly (stuck).
  8105 | D:7      | 8105 ||| Stepping randomly (stuck).
  8106 | D:7      | 8106 ||| Stepping randomly (stuck).
  8107 | D:7      | 8107 ||| Stepping randomly (stuck).
  8108 | D:7      | 8108 ||| Stepping randomly (stuck).
  8109 | D:7      | 8109 ||| Stepping randomly (stuck).
  8110 | D:7      | 8110 ||| Stepping randomly (stuck).
  8111 | D:7      | 8111 ||| Stepping randomly (stuck).
  8112 | D:7      | 8112 ||| Stepping randomly (stuck).
  8113 | D:7      | 8113 ||| Stepping randomly (stuck).
  8114 | D:7      | 8114 ||| Stepping randomly (stuck).
  8115 | D:7      | 8115 ||| Stepping randomly (stuck).
  8116 | D:7      | 8116 ||| Stepping randomly (stuck).
  8117 | D:7      | 8117 ||| Stepping randomly (stuck).
  8118 | D:7      | 8118 ||| Stepping randomly (stuck).
  8119 | D:7      | 8119 ||| Stepping randomly (stuck).
  8120 | D:7      | 8120 ||| Stepping randomly (stuck).
  8121 | D:7      | 8121 ||| Stepping randomly (stuck).
  8122 | D:7      | 8122 ||| Stepping randomly (stuck).
  8123 | D:7      | 8123 ||| Stepping randomly (stuck).
  8124 | D:7      | 8124 ||| Stepping randomly (stuck).
  8125 | D:7      | 8125 ||| Stepping randomly (stuck).
  8126 | D:7      | 8126 ||| Stepping randomly (stuck).
  8127 | D:7      | 8127 ||| Stepping randomly (stuck).
  8128 | D:7      | 8128 ||| Stepping randomly (stuck).
  8129 | D:7      | 8129 ||| Stepping randomly (stuck).
  8130 | D:7      | 8130 ||| Stepping randomly (stuck).
  8131 | D:7      | 8131 ||| Stepping randomly (stuck).
  8132 | D:7      | 8132 ||| Stepping randomly (stuck).
  8133 | D:7      | 8133 ||| Stepping randomly (stuck).
  8134 | D:7      | 8134 ||| Stepping randomly (stuck).
  8135 | D:7      | 8135 ||| Stepping randomly (stuck).
  8136 | D:7      | 8136 ||| Stepping randomly (stuck).
  8137 | D:7      | 8137 ||| Stepping randomly (stuck).
  8138 | D:7      | 8138 ||| Stepping randomly (stuck).
  8139 | D:7      | 8139 ||| Stepping randomly (stuck).
  8140 | D:7      | 8140 ||| Stepping randomly (stuck).
  8141 | D:7      | 8141 ||| Stepping randomly (stuck).
  8142 | D:7      | 8142 ||| Stepping randomly (stuck).
  8143 | D:7      | 8143 ||| Stepping randomly (stuck).
  8144 | D:7      | 8144 ||| Stepping randomly (stuck).
  8145 | D:7      | 8145 ||| Stepping randomly (stuck).
  8146 | D:7      | 8146 ||| Stepping randomly (stuck).
  8147 | D:7      | 8147 ||| Stepping randomly (stuck).
  8148 | D:7      | 8148 ||| Stepping randomly (stuck).
  8149 | D:7      | 8149 ||| Stepping randomly (stuck).
  8150 | D:7      | 8150 ||| Stepping randomly (stuck).
  8151 | D:7      | 8151 ||| Stepping randomly (stuck).
  8152 | D:7      | 8152 ||| Stepping randomly (stuck).
  8153 | D:7      | 8153 ||| Stepping randomly (stuck).
  8154 | D:7      | 8154 ||| Stepping randomly (stuck).
  8155 | D:7      | 8155 ||| Stepping randomly (stuck).
  8156 | D:7      | 8156 ||| Stepping randomly (stuck).
  8157 | D:7      | 8157 ||| Stepping randomly (stuck).
  8158 | D:7      | 8158 ||| Stepping randomly (stuck).
  8159 | D:7      | 8159 ||| Stepping randomly (stuck).
  8160 | D:7      | 8160 ||| Stepping randomly (stuck).
  8161 | D:7      | 8161 ||| Stepping randomly (stuck).
  8162 | D:7      | 8162 ||| Stepping randomly (stuck).
  8163 | D:7      | 8163 ||| Stepping randomly (stuck).
  8164 | D:7      | 8164 ||| Stepping randomly (stuck).
  8165 | D:7      | 8165 ||| Stepping randomly (stuck).
  8166 | D:7      | 8166 ||| Stepping randomly (stuck).
  8167 | D:7      | 8167 ||| Stepping randomly (stuck).
  8168 | D:7      | 8168 ||| Stepping randomly (stuck).
  8169 | D:7      | 8169 ||| Stepping randomly (stuck).
  8170 | D:7      | 8170 ||| Stepping randomly (stuck).
  8171 | D:7      | 8171 ||| Stepping randomly (stuck).
  8172 | D:7      | 8172 ||| Stepping randomly (stuck).
  8173 | D:7      | 8173 ||| Stepping randomly (stuck).
  8174 | D:7      | 8174 ||| Stepping randomly (stuck).
  8175 | D:7      | 8175 ||| Stepping randomly (stuck).
  8176 | D:7      | 8176 ||| Stepping randomly (stuck).
  8177 | D:7      | 8177 ||| Stepping randomly (stuck).
  8178 | D:7      | 8178 ||| Stepping randomly (stuck).
  8179 | D:7      | 8179 ||| Stepping randomly (stuck).
  8180 | D:7      | 8180 ||| Stepping randomly (stuck).
  8181 | D:7      | 8181 ||| Stepping randomly (stuck).
  8182 | D:7      | 8182 ||| Stepping randomly (stuck).
  8183 | D:7      | 8183 ||| Stepping randomly (stuck).
  8184 | D:7      | 8184 ||| Stepping randomly (stuck).
  8185 | D:7      | 8185 ||| Stepping randomly (stuck).
  8186 | D:7      | 8186 ||| Stepping randomly (stuck).
  8187 | D:7      | 8187 ||| Stepping randomly (stuck).
  8188 | D:7      | 8188 ||| Stepping randomly (stuck).
  8189 | D:7      | 8189 ||| Stepping randomly (stuck).
  8190 | D:7      | 8190 ||| Stepping randomly (stuck).
  8191 | D:7      | 8191 ||| Stepping randomly (stuck).
  8192 | D:7      | 8192 ||| Stepping randomly (stuck).
  8193 | D:7      | 8193 ||| Stepping randomly (stuck).
  8194 | D:7      | 8194 ||| Stepping randomly (stuck).
  8195 | D:7      | 8195 ||| Stepping randomly (stuck).
  8196 | D:7      | 8196 ||| Stepping randomly (stuck).
  8197 | D:7      | 8197 ||| Stepping randomly (stuck).
  8198 | D:7      | 8198 ||| Stepping randomly (stuck).
  8199 | D:7      | 8199 ||| Stepping randomly (stuck).
  8200 | D:7      | 8200 ||| Stepping randomly (stuck).
  8201 | D:7      | 8201 ||| Stepping randomly (stuck).
  8202 | D:7      | 8202 ||| Stepping randomly (stuck).
  8203 | D:7      | 8203 ||| Stepping randomly (stuck).
  8204 | D:7      | 8204 ||| Stepping randomly (stuck).
  8205 | D:7      | 8205 ||| Stepping randomly (stuck).
  8206 | D:7      | 8206 ||| Stepping randomly (stuck).
  8207 | D:7      | 8207 ||| Stepping randomly (stuck).
  8208 | D:7      | 8208 ||| Stepping randomly (stuck).
  8209 | D:7      | 8209 ||| Stepping randomly (stuck).
  8210 | D:7      | 8210 ||| Stepping randomly (stuck).
  8211 | D:7      | 8211 ||| Stepping randomly (stuck).
  8212 | D:7      | 8212 ||| Stepping randomly (stuck).
  8213 | D:7      | 8213 ||| Stepping randomly (stuck).
  8214 | D:7      | 8214 ||| Stepping randomly (stuck).
  8215 | D:7      | 8215 ||| Stepping randomly (stuck).
  8216 | D:7      | 8216 ||| Stepping randomly (stuck).
  8217 | D:7      | 8217 ||| Stepping randomly (stuck).
  8218 | D:7      | 8218 ||| Stepping randomly (stuck).
  8219 | D:7      | 8219 ||| Stepping randomly (stuck).
  8220 | D:7      | 8220 ||| Stepping randomly (stuck).
  8221 | D:7      | 8221 ||| Stepping randomly (stuck).
  8222 | D:7      | 8222 ||| Stepping randomly (stuck).
  8223 | D:7      | 8223 ||| Stepping randomly (stuck).
  8224 | D:7      | 8224 ||| Stepping randomly (stuck).
  8225 | D:7      | 8225 ||| Stepping randomly (stuck).
  8226 | D:7      | 8226 ||| Stepping randomly (stuck).
  8227 | D:7      | 8227 ||| Stepping randomly (stuck).
  8228 | D:7      | 8228 ||| Stepping randomly (stuck).
  8229 | D:7      | 8229 ||| Stepping randomly (stuck).
  8230 | D:7      | 8230 ||| Stepping randomly (stuck).
  8231 | D:7      | 8231 ||| Stepping randomly (stuck).
  8232 | D:7      | 8232 ||| Stepping randomly (stuck).
  8233 | D:7      | 8233 ||| Stepping randomly (stuck).
  8234 | D:7      | 8234 ||| Stepping randomly (stuck).
  8235 | D:7      | 8235 ||| Stepping randomly (stuck).
  8236 | D:7      | 8236 ||| Stepping randomly (stuck).
  8237 | D:7      | 8237 ||| Stepping randomly (stuck).
  8238 | D:7      | 8238 ||| Stepping randomly (stuck).
  8239 | D:7      | 8239 ||| Stepping randomly (stuck).
  8240 | D:7      | 8240 ||| Stepping randomly (stuck).
  8241 | D:7      | 8241 ||| Stepping randomly (stuck).
  8242 | D:7      | 8242 ||| Stepping randomly (stuck).
  8243 | D:7      | 8243 ||| Stepping randomly (stuck).
  8244 | D:7      | 8244 ||| Stepping randomly (stuck).
  8245 | D:7      | 8245 ||| Stepping randomly (stuck).
  8246 | D:7      | 8246 ||| Stepping randomly (stuck).
  8247 | D:7      | 8247 ||| Stepping randomly (stuck).
  8248 | D:7      | 8248 ||| Stepping randomly (stuck).
  8249 | D:7      | 8249 ||| Stepping randomly (stuck).
  8250 | D:7      | 8250 ||| Stepping randomly (stuck).
  8251 | D:7      | 8251 ||| Stepping randomly (stuck).
  8252 | D:7      | 8252 ||| Stepping randomly (stuck).
  8253 | D:7      | 8253 ||| Stepping randomly (stuck).
  8254 | D:7      | 8254 ||| Stepping randomly (stuck).
  8255 | D:7      | 8255 ||| Stepping randomly (stuck).
  8256 | D:7      | 8256 ||| Stepping randomly (stuck).
  8257 | D:7      | 8257 ||| Stepping randomly (stuck).
  8258 | D:7      | 8258 ||| Stepping randomly (stuck).
  8259 | D:7      | 8259 ||| Stepping randomly (stuck).
  8260 | D:7      | 8260 ||| Stepping randomly (stuck).
  8261 | D:7      | 8261 ||| Stepping randomly (stuck).
  8262 | D:7      | 8262 ||| Stepping randomly (stuck).
  8263 | D:7      | 8263 ||| Stepping randomly (stuck).
  8264 | D:7      | 8264 ||| Stepping randomly (stuck).
  8265 | D:7      | 8265 ||| Stepping randomly (stuck).
  8266 | D:7      | 8266 ||| Stepping randomly (stuck).
  8267 | D:7      | 8267 ||| Stepping randomly (stuck).
  8268 | D:7      | 8268 ||| Stepping randomly (stuck).
  8269 | D:7      | 8269 ||| Stepping randomly (stuck).
  8270 | D:7      | 8270 ||| Stepping randomly (stuck).
  8271 | D:7      | 8271 ||| Stepping randomly (stuck).
  8272 | D:7      | 8272 ||| Stepping randomly (stuck).
  8273 | D:7      | 8273 ||| Stepping randomly (stuck).
  8274 | D:7      | 8274 ||| Stepping randomly (stuck).
  8275 | D:7      | 8275 ||| Stepping randomly (stuck).
  8276 | D:7      | 8276 ||| Stepping randomly (stuck).
  8277 | D:7      | 8277 ||| Stepping randomly (stuck).
  8278 | D:7      | 8278 ||| Stepping randomly (stuck).
  8279 | D:7      | 8279 ||| Stepping randomly (stuck).
  8280 | D:7      | 8280 ||| Stepping randomly (stuck).
  8281 | D:7      | 8281 ||| Stepping randomly (stuck).
  8282 | D:7      | 8282 ||| Stepping randomly (stuck).
  8283 | D:7      | 8283 ||| Stepping randomly (stuck).
  8284 | D:7      | 8284 ||| Stepping randomly (stuck).
  8285 | D:7      | 8285 ||| Stepping randomly (stuck).
  8286 | D:7      | 8286 ||| Stepping randomly (stuck).
  8287 | D:7      | 8287 ||| Stepping randomly (stuck).
  8288 | D:7      | 8288 ||| Stepping randomly (stuck).
  8289 | D:7      | 8289 ||| Stepping randomly (stuck).
  8290 | D:7      | 8290 ||| Stepping randomly (stuck).
  8291 | D:7      | 8291 ||| Stepping randomly (stuck).
  8292 | D:7      | 8292 ||| Stepping randomly (stuck).
  8293 | D:7      | 8293 ||| Stepping randomly (stuck).
  8294 | D:7      | 8294 ||| Stepping randomly (stuck).
  8295 | D:7      | 8295 ||| Stepping randomly (stuck).
  8296 | D:7      | 8296 ||| Stepping randomly (stuck).
  8297 | D:7      | 8297 ||| Stepping randomly (stuck).
  8298 | D:7      | 8298 ||| Stepping randomly (stuck).
  8299 | D:7      | 8299 ||| Stepping randomly (stuck).
  8300 | D:7      | 8300 ||| Stepping randomly (stuck).
  8301 | D:7      | 8301 ||| Stepping randomly (stuck).
  8302 | D:7      | 8302 ||| Stepping randomly (stuck).
  8303 | D:7      | 8303 ||| Stepping randomly (stuck).
  8304 | D:7      | 8304 ||| Stepping randomly (stuck).
  8305 | D:7      | 8305 ||| Stepping randomly (stuck).
  8306 | D:7      | 8306 ||| Stepping randomly (stuck).
  8307 | D:7      | 8307 ||| Stepping randomly (stuck).
  8308 | D:7      | 8308 ||| Stepping randomly (stuck).
  8309 | D:7      | 8309 ||| Stepping randomly (stuck).
  8310 | D:7      | 8310 ||| Stepping randomly (stuck).
  8311 | D:7      | 8311 ||| Stepping randomly (stuck).
  8312 | D:7      | 8312 ||| Stepping randomly (stuck).
  8313 | D:7      | 8313 ||| Stepping randomly (stuck).
  8314 | D:7      | 8314 ||| Stepping randomly (stuck).
  8315 | D:7      | 8315 ||| Stepping randomly (stuck).
  8316 | D:7      | 8316 ||| Stepping randomly (stuck).
  8317 | D:7      | 8317 ||| Stepping randomly (stuck).
  8318 | D:7      | 8318 ||| Stepping randomly (stuck).
  8319 | D:7      | 8319 ||| Stepping randomly (stuck).
  8320 | D:7      | 8320 ||| Stepping randomly (stuck).
  8321 | D:7      | 8321 ||| Stepping randomly (stuck).
  8322 | D:7      | 8322 ||| Stepping randomly (stuck).
  8323 | D:7      | 8323 ||| Stepping randomly (stuck).
  8324 | D:7      | 8324 ||| Stepping randomly (stuck).
  8325 | D:7      | 8325 ||| Stepping randomly (stuck).
  8326 | D:7      | 8326 ||| Stepping randomly (stuck).
  8327 | D:7      | 8327 ||| Stepping randomly (stuck).
  8328 | D:7      | 8328 ||| Stepping randomly (stuck).
  8329 | D:7      | 8329 ||| Stepping randomly (stuck).
  8330 | D:7      | 8330 ||| Stepping randomly (stuck).
  8331 | D:7      | 8331 ||| Stepping randomly (stuck).
  8332 | D:7      | 8332 ||| Stepping randomly (stuck).
  8333 | D:7      | 8333 ||| Stepping randomly (stuck).
  8334 | D:7      | 8334 ||| Stepping randomly (stuck).
  8335 | D:7      | 8335 ||| Stepping randomly (stuck).
  8336 | D:7      | 8336 ||| Stepping randomly (stuck).
  8337 | D:7      | 8337 ||| Stepping randomly (stuck).
  8338 | D:7      | 8338 ||| Stepping randomly (stuck).
  8339 | D:7      | 8339 ||| Stepping randomly (stuck).
  8340 | D:7      | 8340 ||| Stepping randomly (stuck).
  8341 | D:7      | 8341 ||| Stepping randomly (stuck).
  8342 | D:7      | 8342 ||| Stepping randomly (stuck).
  8343 | D:7      | 8343 ||| Stepping randomly (stuck).
  8344 | D:7      | 8344 ||| Stepping randomly (stuck).
  8345 | D:7      | 8345 ||| Stepping randomly (stuck).
  8346 | D:7      | 8346 ||| Stepping randomly (stuck).
  8347 | D:7      | 8347 ||| Stepping randomly (stuck).
  8348 | D:7      | 8348 ||| Stepping randomly (stuck).
  8349 | D:7      | 8349 ||| Stepping randomly (stuck).
  8350 | D:7      | 8350 ||| Stepping randomly (stuck).
  8351 | D:7      | 8351 ||| Stepping randomly (stuck).
  8352 | D:7      | 8352 ||| Stepping randomly (stuck).
  8353 | D:7      | 8353 ||| Stepping randomly (stuck).
  8354 | D:7      | 8354 ||| Stepping randomly (stuck).
  8355 | D:7      | 8355 ||| Stepping randomly (stuck).
  8356 | D:7      | 8356 ||| Stepping randomly (stuck).
  8357 | D:7      | 8357 ||| Stepping randomly (stuck).
  8358 | D:7      | 8358 ||| Stepping randomly (stuck).
  8359 | D:7      | 8359 ||| Stepping randomly (stuck).
  8360 | D:7      | 8360 ||| Stepping randomly (stuck).
  8361 | D:7      | 8361 ||| Stepping randomly (stuck).
  8362 | D:7      | 8362 ||| Stepping randomly (stuck).
  8363 | D:7      | 8363 ||| Stepping randomly (stuck).
  8364 | D:7      | 8364 ||| Stepping randomly (stuck).
  8365 | D:7      | 8365 ||| Stepping randomly (stuck).
  8366 | D:7      | 8366 ||| Stepping randomly (stuck).
  8367 | D:7      | 8367 ||| Stepping randomly (stuck).
  8368 | D:7      | 8368 ||| Stepping randomly (stuck).
  8369 | D:7      | 8369 ||| Stepping randomly (stuck).
  8370 | D:7      | 8370 ||| Stepping randomly (stuck).
  8371 | D:7      | 8371 ||| Stepping randomly (stuck).
  8372 | D:7      | 8372 ||| Stepping randomly (stuck).
  8373 | D:7      | 8373 ||| Stepping randomly (stuck).
  8374 | D:7      | 8374 ||| Stepping randomly (stuck).
  8375 | D:7      | 8375 ||| Stepping randomly (stuck).
  8376 | D:7      | 8376 ||| Stepping randomly (stuck).
  8377 | D:7      | 8377 ||| Stepping randomly (stuck).
  8378 | D:7      | 8378 ||| Stepping randomly (stuck).
  8379 | D:7      | 8379 ||| Stepping randomly (stuck).
  8380 | D:7      | 8380 ||| Stepping randomly (stuck).
  8381 | D:7      | 8381 ||| Stepping randomly (stuck).
  8382 | D:7      | 8382 ||| Stepping randomly (stuck).
  8383 | D:7      | 8383 ||| Stepping randomly (stuck).
  8384 | D:7      | 8384 ||| Stepping randomly (stuck).
  8385 | D:7      | 8385 ||| Stepping randomly (stuck).
  8386 | D:7      | 8386 ||| Stepping randomly (stuck).
  8387 | D:7      | 8387 ||| Stepping randomly (stuck).
  8388 | D:7      | 8388 ||| Stepping randomly (stuck).
  8389 | D:7      | 8389 ||| Stepping randomly (stuck).
  8390 | D:7      | 8390 ||| Stepping randomly (stuck).
  8391 | D:7      | 8391 ||| Stepping randomly (stuck).
  8392 | D:7      | 8392 ||| Stepping randomly (stuck).
  8393 | D:7      | 8393 ||| Stepping randomly (stuck).
  8394 | D:7      | 8394 ||| Stepping randomly (stuck).
  8395 | D:7      | 8395 ||| Stepping randomly (stuck).
  8396 | D:7      | 8396 ||| Stepping randomly (stuck).
  8397 | D:7      | 8397 ||| Stepping randomly (stuck).
  8398 | D:7      | 8398 ||| Stepping randomly (stuck).
  8399 | D:7      | 8399 ||| Stepping randomly (stuck).
  8400 | D:7      | 8400 ||| Stepping randomly (stuck).
  8401 | D:7      | 8401 ||| Stepping randomly (stuck).
  8402 | D:7      | 8402 ||| Stepping randomly (stuck).
  8403 | D:7      | 8403 ||| Stepping randomly (stuck).
  8404 | D:7      | 8404 ||| Stepping randomly (stuck).
  8405 | D:7      | 8405 ||| Stepping randomly (stuck).
  8406 | D:7      | 8406 ||| Stepping randomly (stuck).
  8407 | D:7      | 8407 ||| Stepping randomly (stuck).
  8408 | D:7      | 8408 ||| Stepping randomly (stuck).
  8409 | D:7      | 8409 ||| Stepping randomly (stuck).
  8410 | D:7      | 8410 ||| Stepping randomly (stuck).
  8411 | D:7      | 8411 ||| Stepping randomly (stuck).
  8412 | D:7      | 8412 ||| Stepping randomly (stuck).
  8413 | D:7      | 8413 ||| Stepping randomly (stuck).
  8414 | D:7      | 8414 ||| Stepping randomly (stuck).
  8415 | D:7      | 8415 ||| Stepping randomly (stuck).
  8416 | D:7      | 8416 ||| Stepping randomly (stuck).
  8417 | D:7      | 8417 ||| Stepping randomly (stuck).
  8418 | D:7      | 8418 ||| Stepping randomly (stuck).
  8419 | D:7      | 8419 ||| Stepping randomly (stuck).
  8420 | D:7      | 8420 ||| Stepping randomly (stuck).
  8421 | D:7      | 8421 ||| Stepping randomly (stuck).
  8422 | D:7      | 8422 ||| Stepping randomly (stuck).
  8423 | D:7      | 8423 ||| Stepping randomly (stuck).
  8424 | D:7      | 8424 ||| Stepping randomly (stuck).
  8425 | D:7      | 8425 ||| Stepping randomly (stuck).
  8426 | D:7      | 8426 ||| Stepping randomly (stuck).
  8427 | D:7      | 8427 ||| Stepping randomly (stuck).
  8428 | D:7      | 8428 ||| Stepping randomly (stuck).
  8429 | D:7      | 8429 ||| Stepping randomly (stuck).
  8430 | D:7      | 8430 ||| Stepping randomly (stuck).
  8431 | D:7      | 8431 ||| Stepping randomly (stuck).
  8432 | D:7      | 8432 ||| Stepping randomly (stuck).
  8433 | D:7      | 8433 ||| Stepping randomly (stuck).
  8434 | D:7      | 8434 ||| Stepping randomly (stuck).
  8435 | D:7      | 8435 ||| Stepping randomly (stuck).
  8436 | D:7      | 8436 ||| Stepping randomly (stuck).
  8437 | D:7      | 8437 ||| Stepping randomly (stuck).
  8438 | D:7      | 8438 ||| Stepping randomly (stuck).
  8439 | D:7      | 8439 ||| Stepping randomly (stuck).
  8440 | D:7      | 8440 ||| Stepping randomly (stuck).
  8441 | D:7      | 8441 ||| Stepping randomly (stuck).
  8442 | D:7      | 8442 ||| Stepping randomly (stuck).
  8443 | D:7      | 8443 ||| Stepping randomly (stuck).
  8444 | D:7      | 8444 ||| Stepping randomly (stuck).
  8445 | D:7      | 8445 ||| Stepping randomly (stuck).
  8446 | D:7      | 8446 ||| Stepping randomly (stuck).
  8447 | D:7      | 8447 ||| Stepping randomly (stuck).
  8448 | D:7      | 8448 ||| Stepping randomly (stuck).
  8449 | D:7      | 8449 ||| Stepping randomly (stuck).
  8450 | D:7      | 8450 ||| Stepping randomly (stuck).
  8451 | D:7      | 8451 ||| Stepping randomly (stuck).
  8452 | D:7      | 8452 ||| Stepping randomly (stuck).
  8453 | D:7      | 8453 ||| Stepping randomly (stuck).
  8454 | D:7      | 8454 ||| Stepping randomly (stuck).
  8455 | D:7      | 8455 ||| Stepping randomly (stuck).
  8456 | D:7      | 8456 ||| Stepping randomly (stuck).
  8457 | D:7      | 8457 ||| Stepping randomly (stuck).
  8458 | D:7      | 8458 ||| Stepping randomly (stuck).
  8459 | D:7      | 8459 ||| Stepping randomly (stuck).
  8460 | D:7      | 8460 ||| Stepping randomly (stuck).
  8461 | D:7      | 8461 ||| Stepping randomly (stuck).
  8462 | D:7      | 8462 ||| Stepping randomly (stuck).
  8463 | D:7      | 8463 ||| Stepping randomly (stuck).
  8464 | D:7      | 8464 ||| Stepping randomly (stuck).
  8465 | D:7      | 8465 ||| Stepping randomly (stuck).
  8466 | D:7      | 8466 ||| Stepping randomly (stuck).
  8467 | D:7      | 8467 ||| Stepping randomly (stuck).
  8468 | D:7      | 8468 ||| Stepping randomly (stuck).
  8469 | D:7      | 8469 ||| Stepping randomly (stuck).
  8470 | D:7      | 8470 ||| Stepping randomly (stuck).
  8471 | D:7      | 8471 ||| Stepping randomly (stuck).
  8472 | D:7      | 8472 ||| Stepping randomly (stuck).
  8473 | D:7      | 8473 ||| Stepping randomly (stuck).
  8474 | D:7      | 8474 ||| Stepping randomly (stuck).
  8475 | D:7      | 8475 ||| Stepping randomly (stuck).
  8476 | D:7      | 8476 ||| Stepping randomly (stuck).
  8477 | D:7      | 8477 ||| Stepping randomly (stuck).
  8478 | D:7      | 8478 ||| Stepping randomly (stuck).
  8479 | D:7      | 8479 ||| Stepping randomly (stuck).
  8480 | D:7      | 8480 ||| Stepping randomly (stuck).
  8481 | D:7      | 8481 ||| Stepping randomly (stuck).
  8482 | D:7      | 8482 ||| Stepping randomly (stuck).
  8483 | D:7      | 8483 ||| Stepping randomly (stuck).
  8484 | D:7      | 8484 ||| Stepping randomly (stuck).
  8485 | D:7      | 8485 ||| Stepping randomly (stuck).
  8486 | D:7      | 8486 ||| Stepping randomly (stuck).
  8487 | D:7      | 8487 ||| Stepping randomly (stuck).
  8488 | D:7      | 8488 ||| Stepping randomly (stuck).
  8489 | D:7      | 8489 ||| Stepping randomly (stuck).
  8490 | D:7      | 8490 ||| Stepping randomly (stuck).
  8491 | D:7      | 8491 ||| Stepping randomly (stuck).
  8492 | D:7      | 8492 ||| Stepping randomly (stuck).
  8493 | D:7      | 8493 ||| Stepping randomly (stuck).
  8494 | D:7      | 8494 ||| Stepping randomly (stuck).
  8495 | D:7      | 8495 ||| Stepping randomly (stuck).
  8496 | D:7      | 8496 ||| Stepping randomly (stuck).
  8497 | D:7      | 8497 ||| Stepping randomly (stuck).
  8498 | D:7      | 8498 ||| Stepping randomly (stuck).
  8499 | D:7      | 8499 ||| Stepping randomly (stuck).
  8500 | D:7      | 8500 ||| Stepping randomly (stuck).
  8501 | D:7      | 8501 ||| Stepping randomly (stuck).
  8502 | D:7      | 8502 ||| Stepping randomly (stuck).
  8503 | D:7      | 8503 ||| Stepping randomly (stuck).
  8504 | D:7      | 8504 ||| Stepping randomly (stuck).
  8505 | D:7      | 8505 ||| Stepping randomly (stuck).
  8506 | D:7      | 8506 ||| Stepping randomly (stuck).
  8507 | D:7      | 8507 ||| Stepping randomly (stuck).
  8508 | D:7      | 8508 ||| Stepping randomly (stuck).
  8509 | D:7      | 8509 ||| Stepping randomly (stuck).
  8510 | D:7      | 8510 ||| Stepping randomly (stuck).
  8511 | D:7      | 8511 ||| Stepping randomly (stuck).
  8512 | D:7      | 8512 ||| Stepping randomly (stuck).
  8517 | D:7      | 8517 ||| Stepping randomly (stuck).
  8519 | D:7      | 8519 ||| UPGRADING to +0 kite shield.
  8529 | D:7      | 8529 ||| DROPPING +2 buckler.
  8530 | D:7      | 8530 ||| Stepping randomly (stuck).
  8531 | D:7      | 8531 ||| Stepping randomly (stuck).
  8532 | D:7      | 8532 ||| Stepping randomly (stuck).
  8533 | D:7      | 8533 ||| Stepping randomly (stuck).
  8534 | D:7      | 8534 ||| Stepping randomly (stuck).
  8535 | D:7      | 8535 ||| Stepping randomly (stuck).
  8536 | D:7      | 8536 ||| Stepping randomly (stuck).
  8537 | D:7      | 8537 ||| Stepping randomly (stuck).
  8538 | D:7      | 8538 ||| Stepping randomly (stuck).
  8540 | D:7      | 8540 ||| Stepping randomly (stuck).
  8541 | D:7      | 8541 ||| Stepping randomly (stuck).
  8542 | D:7      | 8542 ||| Stepping randomly (stuck).
  8543 | D:7      | 8543 ||| Stepping randomly (stuck).
  8544 | D:7      | 8544 ||| Stepping randomly (stuck).
  8545 | D:7      | 8545 ||| Stepping randomly (stuck).
  8546 | D:7      | 8546 ||| Stepping randomly (stuck).
  8547 | D:7      | 8547 ||| Stepping randomly (stuck).
  8548 | D:7      | 8548 ||| Stepping randomly (stuck).
  8549 | D:7      | 8549 ||| Stepping randomly (stuck).
  8550 | D:7      | 8550 ||| Stepping randomly (stuck).
  8551 | D:7      | 8551 ||| Stepping randomly (stuck).
  8552 | D:7      | 8552 ||| Stepping randomly (stuck).
  8553 | D:7      | 8553 ||| Stepping randomly (stuck).
  8554 | D:7      | 8554 ||| Stepping randomly (stuck).
  8555 | D:7      | 8555 ||| Stepping randomly (stuck).
  8556 | D:7      | 8556 ||| Stepping randomly (stuck).
  8557 | D:7      | 8557 ||| Stepping randomly (stuck).
  8558 | D:7      | 8558 ||| Stepping randomly (stuck).
  8559 | D:7      | 8559 ||| Stepping randomly (stuck).
  8560 | D:7      | 8560 ||| Stepping randomly (stuck).
  8561 | D:7      | 8561 ||| Stepping randomly (stuck).
  8562 | D:7      | 8562 ||| Stepping randomly (stuck).
  8563 | D:7      | 8563 ||| Stepping randomly (stuck).
  8564 | D:7      | 8564 ||| Stepping randomly (stuck).
  8565 | D:7      | 8565 ||| Stepping randomly (stuck).
  8566 | D:7      | 8566 ||| Stepping randomly (stuck).
  8567 | D:7      | 8567 ||| Stepping randomly (stuck).
  8568 | D:7      | 8568 ||| Stepping randomly (stuck).
  8569 | D:7      | 8569 ||| Stepping randomly (stuck).
  8570 | D:7      | 8570 ||| Stepping randomly (stuck).
  8571 | D:7      | 8571 ||| Stepping randomly (stuck).
  8572 | D:7      | 8572 ||| Stepping randomly (stuck).
  8573 | D:7      | 8573 ||| Stepping randomly (stuck).
  8574 | D:7      | 8574 ||| Stepping randomly (stuck).
  8575 | D:7      | 8575 ||| Stepping randomly (stuck).
  8576 | D:7      | 8576 ||| Stepping randomly (stuck).
  8577 | D:7      | 8577 ||| Stepping randomly (stuck).
  8578 | D:7      | 8578 ||| Stepping randomly (stuck).
  8579 | D:7      | 8579 ||| Stepping randomly (stuck).
  8580 | D:7      | 8580 ||| Stepping randomly (stuck).
  8581 | D:7      | 8581 ||| Stepping randomly (stuck).
  8582 | D:7      | 8582 ||| Stepping randomly (stuck).
  8583 | D:7      | 8583 ||| Stepping randomly (stuck).
  8584 | D:7      | 8584 ||| Stepping randomly (stuck).
  8585 | D:7      | 8585 ||| Stepping randomly (stuck).
  8586 | D:7      | 8586 ||| Stepping randomly (stuck).
  8587 | D:7      | 8587 ||| Stepping randomly (stuck).
  8588 | D:7      | 8588 ||| Stepping randomly (stuck).
  8589 | D:7      | 8589 ||| Stepping randomly (stuck).
  8590 | D:7      | 8590 ||| Stepping randomly (stuck).
  8591 | D:7      | 8591 ||| Stepping randomly (stuck).
  8592 | D:7      | 8592 ||| Stepping randomly (stuck).
  8593 | D:7      | 8593 ||| Stepping randomly (stuck).
  8594 | D:7      | 8594 ||| Stepping randomly (stuck).
  8595 | D:7      | 8595 ||| Stepping randomly (stuck).
  8596 | D:7      | 8596 ||| Stepping randomly (stuck).
  8597 | D:7      | 8597 ||| Stepping randomly (stuck).
  8598 | D:7      | 8598 ||| Stepping randomly (stuck).
  8599 | D:7      | 8599 ||| Stepping randomly (stuck).
  8600 | D:7      | 8600 ||| Stepping randomly (stuck).
  8601 | D:7      | 8601 ||| Stepping randomly (stuck).
  8602 | D:7      | 8602 ||| Stepping randomly (stuck).
  8603 | D:7      | 8603 ||| Stepping randomly (stuck).
  8604 | D:7      | 8604 ||| Stepping randomly (stuck).
  8605 | D:7      | 8605 ||| Stepping randomly (stuck).
  8606 | D:7      | 8606 ||| Stepping randomly (stuck).
  8607 | D:7      | 8607 ||| Stepping randomly (stuck).
  8608 | D:7      | 8608 ||| Stepping randomly (stuck).
  8609 | D:7      | 8609 ||| Stepping randomly (stuck).
  8610 | D:7      | 8610 ||| Stepping randomly (stuck).
  8611 | D:7      | 8611 ||| Stepping randomly (stuck).
  8612 | D:7      | 8612 ||| Stepping randomly (stuck).
  8613 | D:7      | 8613 ||| Stepping randomly (stuck).
  8614 | D:7      | 8614 ||| Stepping randomly (stuck).
  8615 | D:7      | 8615 ||| Stepping randomly (stuck).
  8616 | D:7      | 8616 ||| Stepping randomly (stuck).
  8617 | D:7      | 8617 ||| Stepping randomly (stuck).
  8618 | D:7      | 8618 ||| Stepping randomly (stuck).
  8619 | D:7      | 8619 ||| Stepping randomly (stuck).
  8620 | D:7      | 8620 ||| Stepping randomly (stuck).
  8621 | D:7      | 8621 ||| Stepping randomly (stuck).
  8622 | D:7      | Quit the game

Levels and vault maps discovered:
D:1:      minmay_arrival_widening_spiral_wide, layout_basic
D:2:      layout_basic
D:3:      wad_woods_stonehenge, layout_loops_ring, slow_altar_2,
          general_overflow_altar, shapermc_ecumenical_altar_venn, uniq_robin
D:4:      layout_basic, minmay_temple_entry_large_hall, serial_shops, shop,
          serial_bayou_crossing, uniq_menkaure
D:5:      layout_basic, evilmike_ruin_ashenzari,
          nicolae_ru_sacrificial_ziggurat, gammafunk_ghost_abyssal_escape,
          nicolae_ossuary_entry_plus
D:6:      layout_rooms, minmay_misc_feat_x, uniq_pikel
D:7:      cheibrodos_barr_body, layout_loops_ring,
          mainiacjoe_overflow_divided_tiny, enter_bailey_2, minivault_27,
          uniq_prince_ribbit1, uniq_crazy_yiuf_cottage
Temple:   oiseaux_autumnal_temple

Skill      XL: |  1  2  3  4  5  6  7  8  9 |
---------------+----------------------------+-----
Axes           | 2 3 4 5 6 7 8 9 |  9.0
Fighting       | 4 5 6 |  6.8
Dodging        | 1 |  1.5
Throwing       | 1 2 |  2.1
Armour         | 4 |  4.0
Shields        | 5 |  5.8

Action                   |  1- 3 |  4- 6 |  7- 9 || total
-------------------------+-------+-------+-------++-------
Melee: War axe           |    73 |   139 |   239 ||   451
Throw: Boomerang         |    27 |    63 |    34 ||   124
       Javelin           |       |       |     4 ||     4
  Use: Scroll            |     6 |     3 |     8 ||    17
       Potion            |     2 |       |     2 ||     4
Armor: Scale mail        |    17 |       |       ||    17
       Chain mail        |    19 |    72 |   186 ||   277
Dodge: Dodged            |    30 |    41 |    75 ||   146
Block: Buckler           |    15 |    20 |    66 ||   101

Table legend:
 A = Non-vault XP
 B = Vault XP
 C = Vault XP percentage of total XP
 D = Non-vault monster count
 E = Vault monster count
 F = Vault count percentage of total count
                 A         B        C        D         E       F
            +---------+---------+-------+---------+---------+-------
      Total |    2621 |     929 |  26.2 |     121 |      23 |  16.0
            +---------+---------+-------+---------+---------+-------
        D:1 |      24 |       0 |   0.0 |      17 |       0 |   0.0
        D:2 |      60 |       0 |   0.0 |      18 |       0 |   0.0
        D:3 |     114 |     113 |  49.8 |      24 |      20 |  45.5
        D:4 |     558 |     172 |  23.6 |      19 |       1 |   5.0
        D:5 |     722 |       0 |   0.0 |      18 |       0 |   0.0
        D:6 |     674 |     641 |  48.7 |      17 |       1 |   5.6
        D:7 |     469 |       3 |   0.6 |       8 |       1 |  11.1
            +---------+---------+-------+---------+---------+-------
